 Dungeon Crawl Stone Soup version 0.30.1 (webtiles) character file.

Game seed: 13007488086255545215

44718 Sabo the Bludgeoner (level 14, -5/91 HPs)
             Began as a Gargoyle Monk on July 2, 2023.
             Was the Champion of Qazlal.
             Slain by a wolf spider simulacrum (29 damage)
             ... on level 15 of the Dungeon.
             The game lasted 01:43:21 (15949 turns).

Sabo the Bludgeoner (Gargoyle Monk)                Turns: 15949, Time: 01:43:22

Health: -5/91      AC: 48    Str: 26    XL:     14   Next: 29%
Magic:  14/14      EV: 16    Int: 11    God:    Qazlal [******]
Gold:   654        SH: 13    Dex: 12    Spells: 13/13 levels left

rFire   + . .        r - +6 mace of Pestilence {flame, rF+}
rCold   . . .        d - orb {light}
rNeg    + . .        I - +18 Lear's hauberk
rPois   ∞            (helmet currently unavailable)
rElec   +            Q - +2 cloak {rPois}
rCorr   .            (gloves currently unavailable)
SInv    .            (boots currently unavailable)
Will    +....        a - amulet of reflection Stlth
                     q - +5 ring of evasion
HPRegen 0.35/turn    i - +6 ring of strength
MPRegen 0.14/turn

%: repel missiles, reflection, clarity
@: mighty, protected from physical damage, flying, glowing
A: sickness immunity, AC +10, big wings, negative energy resistance 1,
electricity resistance, torment resistance 1, petrification resistance, clarity,
shaggy fur 1
a: Renounce Religion, Upheaval, Elemental Force, Disaster Area


You were on level 15 of the Dungeon.
You worshipped Qazlal.
Qazlal was exalted by your worship.
You visited 2 branches of the dungeon, and saw 16 of its levels.
You also visited: Bailey.

You collected 1178 gold pieces.
You spent 524 gold pieces at shops.

Inventory:

Hand Weapons
 k - a +4 scimitar of flaming
 o - a +0 arbalest
 p - a +5 falchion of electrocution
 r - the +6 mace of Pestilence (weapon) {flame, rF+}
   (You found it on level 4 of the Dungeon)

   rF:        It protects you from fire.
 x - the +2 flail "Uchoude" {heavy, rPois}
   (You found it on level 4 of the Dungeon)

   rPois:     It protects you from poison.
 H - a +7 rapier of electrocution
 J - the +6 trident "Cyvot" {distort, rElec Str+5 Int-4}
   (You found it in a bailey)

   Str:       It affects your strength (+5).
   Int:       It affects your intelligence (-4).
   rElec:     It insulates you from electricity.
 O - a +1 broad axe of flaming
Missiles
 C - 31 poisoned darts
 D - 11 javelins
 K - 13 boomerangs (quivered)
Armour
 d - an orb of light (worn)
 I - the +18 Lear's hauberk (worn)
   (You found it on level 6 of the Dungeon)
 Q - a +2 cloak of poison resistance (worn)
Jewellery
 a - an amulet of reflection (around neck)
 e - an amulet of regeneration
 i - a +6 ring of strength (right hand)
 q - a +5 ring of evasion (left hand)
Wands
 s - a wand of polymorph (5)
 t - a wand of flame (74)
 w - a wand of paralysis (11)
 z - a wand of quicksilver (8)
Scrolls
 b - a scroll of blinking
 c - 6 scrolls of teleportation
 g - 2 scrolls of enchant armour
 m - 2 scrolls of fear
 v - 3 scrolls of magic mapping
 y - a scroll of fog
 F - 2 scrolls of summoning
 M - a scroll of poison
Potions
 f - 9 potions of curing
 h - 4 potions of mutation
 j - 2 potions of might
 l - 3 potions of heal wounds
 n - 3 potions of haste
 u - 2 potions of resistance {unknown}
 B - 2 potions of cancellation {unknown}
 E - 3 potions of lignification {unknown}
 G - 6 potions of flight
 L - a potion of attraction {unknown}


   Skills:
 + Level 11.7 Fighting
 + Level 3.0(9.6) Axes
 + Level 15.2(15.3) Maces & Flails
 + Level 1.3 Throwing
 + Level 11.8 Armour
 + Level 5.8 Dodging
 + Level 3.4 Stealth
 + Level 10.9 Shields
 + Level 0.1 Evocations


You had 13 spell levels left.
You didn't know any spells.
Your spell library contained the following spells:

 Spells                   Type           Power      Damage    Failure   Level
 Kiss of Death            Conj/Necr      0%         2d5       77%         1
 Necrotise                Necr           0%         1d4       77%         1
 Sting                    Tmut/Pois      0%         1d3       77%         1
 Ensorcelled Hibernation  Hex/Ice        0%         N/A       88%         2
 Poisonous Vapours        Pois/Air       0%         N/A       88%         2
 Confusing Touch          Hex            0%         N/A       98%         3
 Ignite Poison            Fire/Tmut/Pois 0%         N/A       98%         3
 Ozocubu's Armour         Ice            0%         N/A       98%         3
 Spider Form              Tmut/Pois      0%         N/A       98%         3
 Vampiric Draining        Necr           0%         2d6       98%         3
 Anguish                  Hex/Necr       0%         N/A       100%        4
 Cause Fear               Hex            0%         N/A       100%        4
 Dispel Undead            Necr           0%         3d6       100%        4
 Olgreb's Toxic Radiance  Pois           0%         N/A       100%        4
 Agony                    Necr           0%         N/A       100%        5
 Freezing Cloud           Conj/Ice/Air   0%         6-21      100%        5
 Summon Forest            Summ/Tloc      0%         N/A       100%        5
 Summon Mana Viper        Hex/Summ       0%         N/A       100%        5
 Summon Cactus Giant      Summ           0%         N/A       100%        6
 Dragon Form              Tmut           0%         N/A       100%        7
 Ozocubu's Refrigeration  Ice            0%         4d7       100%        7
 Dragon's Call            Summ           0%         N/A       100%        9
 Cigotuvi's Dreadful Rot  Necr/Pois/Air  Unusable   N/A       N/A         2

Dungeon Overview and Level Annotations

Branches:
Dungeon (15/15)            Temple (1/1) D:5            Lair (0/5) D:9
    Orc (0/2) D:12         Vaults (0/5) D:14         Bailey (visited)
 Depths: D:15

Altars:
Ashenzari
Cheibriados
Dithmenos
Elyvilon
Fedhas
Gozag
Hepliaklqana
Kikubaaqudgha
Makhleb
Nemelex Xobeh
Okawaru
Qazlal
Ru
Sif Muna
Trog
Uskayaw
Vehumet
Wu Jian
Xom
Yredelemnul
Zin
The Shining One

Shops:
D:3 [   D:9 *

Annotations:
D:8 2 transporters, exclusion: obsidian statue


Innate Abilities, Weirdness & Mutations

You are immune to sickness and miasma.
Your stone body is resilient. (AC +10)
You are immune to poison.
Your large and strong wings let you fly.
You resist negative energy. (rN+)
You are resistant to electric shocks. (rElec)
You are resistant to unholy torment.
You are immune to petrification.
You possess an exceptional clarity of mind.
You are covered in fur. (AC +1)


Message History

* * * LOW HITPOINT WARNING * * *
Your resistance to cold fades away.
You feel protected from physical attacks.
Your purple ugly thing is engulfed in freezing vapours.
Your purple ugly thing headbutts the skeletal warrior!
Your orc hits the skeletal warrior but does no damage.
You bludgeon the six-headed hydra!! You burn the six-headed hydra.
You kill the six-headed hydra!
Qazlal accepts your kill.
The wolf spider simulacrum completely misses you.
The wolf spider simulacrum misses you.
Your cyan ugly thing kicks the cyan ugly thing.
Your cyan ugly thing shocks the cyan ugly thing.
The cyan ugly thing resists.
The skeletal warrior misses your purple ugly thing.
The white ugly thing tentacle-slaps your purple ugly thing!
Your purple ugly thing dies!
Your purple ugly thing's corpse dissolves into shadows!
The cyan ugly thing is engulfed in blazing flames.
The cyan ugly thing closely misses you.
The white ugly thing gurgles horribly!
You sock the cyan ugly thing! You burn the cyan ugly thing.
The cyan ugly thing is severely wounded.
The wolf spider simulacrum hits you but does no damage.
You block the wolf spider simulacrum's attack.
Your orc hits the skeletal warrior but does no damage.
The skeletal warrior hits your orc with a +0 trident!!
Your orc dies!
Your orc's corpse dissolves into shadows!
Your cyan ugly thing misses the cyan ugly thing.
You block the white ugly thing's attack.
You thump the cyan ugly thing! You burn the cyan ugly thing.
The cyan ugly thing is almost dead.
The cyan ugly thing is engulfed in blazing flames.
The cyan ugly thing barely misses you.
You block the wolf spider simulacrum's attack.
The wolf spider simulacrum bites you.
* * * LOW HITPOINT WARNING * * *
The wolf spider simulacrum freezes you!!
You die...

### +.# #*# #.#
#.# #.##########
#######<)○u°......
........§.@u○..../
........○)uZ......
.........○z.°.....
....≈≈≈≈........).
###....≈.#########
##≈≈≈≈## ######


You could see 2 ugly things, a skeletal warrior, a wolf spider simulacrum (ally
target) and a friendly cyan ugly thing (summoned).

Vanquished Creatures
  Gastronok (D:9)
  Fannar (D:10)
  A vault guard (D:14)
  A catoblepas (D:14)
  A boulder beetle (D:12)
  3 hydras
  3 centaur warriors
  A death knight (D:10)
  2 two-headed ogres (D:10)
  A tengu warrior (D:15)
  Nergalle (D:11)
  Sonja (D:10)
  2 skeletal warriors
  3 wizards (D:14)
  15 ugly things
  A necromancer (D:14)
  A deep elf pyromancer (D:12)
  6 manticores
  3 cyclopes
  Maurice (D:12)
  3 slime creatures (D:12)
  A cane toad (shapeshifter) (D:13)
  A freezing wraith (D:14)
  Psyche (D:11)
  4 kobold demonologists
  3 efreet
  A komodo dragon (D:12)
  3 tengu conjurers
  3 meliai (D:13)
  5 trolls
  A hornet (D:6)
  Sigmund (D:5)
  3 shadows
  4 wraiths
  Grum (D:9)
  2 wyverns
  A basilisk (D:14)
  A vampire (D:12)
  4 yaks (D:10)
  Eustachio (D:5)
  19 humans (D:14)
  8 vampire mosquitoes
  Menkaure (D:7)
  2 water moccasins
  An ice beast (D:7)
  A sky beast (D:6)
  15 orc warriors
  A black bear (D:5)
  8 centaurs
  2 ogres (D:6)
  3 wolves (D:9)
  A phantom (D:6)
  7 kobold brigands
  3 bullfrogs
  2 scorpions
  3 wights (D:5)
  14 killer bees
  6 howler monkeys
  2 electric eels (D:3)
  7 hounds
  4 jellies
  A gnoll bouda (D:10)
  4 orc priests
  2 iguanas (D:5)
  3 sleepcaps
  7 orc wizards
  Ijyb (D:5)
  Robin (D:4)
  4 gnolls (D:4)
  8 adders
  2 white imps
  2 ufetubi
  3 worms
  A dart slug (D:4)
  31 orcs
  6 ball pythons
  5 endoplasms
  3 giant cockroaches
  31 goblins
  14 hobgoblins
  9 jackals
  35 kobolds
  3 quokkas
  8 bats
  3 frilled lizards
  4 rats
394 creatures vanquished.

Vanquished Creatures (collateral kills)
  2 skeletal warriors (D:15)
  3 ugly things (D:15)
  A manticore (D:15)
  2 yaks (D:10)
  A vampire mosquito (D:10)
  An electric eel (D:3)
10 creatures vanquished.

Vanquished Creatures (others)
  A human (D:14)
1 creature vanquished.

Grand Total: 405 creatures vanquished

Notes
Turn   | Place    | Note
-------+----------+-------------------------------------------
     0 | D:1      | Sabo the Gargoyle Monk began the quest for the Orb.
     0 | D:1      | Reached XP level 1. HP: 14/14 MP: 1/1
   251 | D:1      | Reached XP level 2. HP: 15/19 MP: 2/2
   599 | D:1      | Reached XP level 3. HP: 23/23 MP: 3/3
   880 | D:2      | Found a faded altar of an unknown god.
   903 | D:2      | Reached skill level 1 in Maces & Flails
  1473 | D:3      | Found a transporter.
  1482 | D:3      | Found a transporter.
  1501 | D:3      | Reached skill level 1 in Armour
  1502 | D:3      | Reached XP level 4. HP: 29/29 MP: 4/4
  1524 | D:3      | Found a blossoming altar of Fedhas.
  1584 | D:3      | Reached skill level 2 in Maces & Flails
  1781 | D:3      | Found a snail-covered altar of Cheibriados.
  1849 | D:3      | Found Fekub's Antique Armour Shoppe.
  1855 | D:3      | Bought a runed ring mail for 154 gold pieces
  2089 | D:3      | Reached XP level 5. HP: 6/33 MP: 5/5
  2104 | D:3      | Reached skill level 3 in Maces & Flails
  2162 | D:4      | Reached XP level 6. HP: 11/38 MP: 6/6
  2480 | D:4      | Identified the +2 flail "Uchoude" {heavy, rPois}
  2579 | D:4      | Reached skill level 1 in Stealth
  2883 | D:4      | Noticed Robin
  2887 | D:4      | Reached skill level 4 in Maces & Flails
  2891 | D:4      | Killed Robin
  3274 | D:4      | Reached XP level 7. HP: 38/43 MP: 7/7
  3634 | D:4      | Identified the +10 plate armour of the Arena {Rampage}
  3712 | D:4      | Found a shadowy altar of Dithmenos.
  3732 | D:4      | Identified the +6 mace of Pestilence {flame, rF+}
  3899 | D:5      | Entered Level 5 of the Dungeon
  4107 | D:5      | Found a staircase to the Ecumenical Temple.
  4128 | D:5      | Reached skill level 5 in Maces & Flails
  4212 | Temple   | Entered the Ecumenical Temple
  4244 | Temple   | Became a worshipper of Qazlal Stormbringer
  4244 | Temple   | Reached * piety under Qazlal
  4244 | Temple   | Reached ** piety under Qazlal
  4265 | D:5      | HP: 1/44 [orc priest/divine providence (13)]
  4270 | D:5      | Reached XP level 8. HP: 3/48 MP: 8/8
  4452 | D:5      | Noticed Sigmund
  4459 | D:5      | Killed Sigmund
  4460 | D:5      | Reached skill level 6 in Maces & Flails
  4463 | D:5      | Found a glowing silver altar of Zin.
  4541 | D:5      | Noticed Eustachio
  4542 | D:5      | Noticed Ijyb
  4547 | D:5      | Reached skill level 5 in Fighting
  4552 | D:5      | Killed Ijyb
  4560 | D:5      | Killed Eustachio
  4598 | D:5      | Reached skill level 7 in Maces & Flails
  4936 | D:6      | Reached skill level 8 in Maces & Flails
  5024 | D:6      | Noticed a hornet
  5030 | D:6      | Killed a hornet
  5031 | D:6      | Reached XP level 9. HP: 41/54 MP: 9/9
  5041 | D:6      | Reached skill level 5 in Armour
  5168 | D:6      | Found a white marble altar of Elyvilon.
  5168 | D:6      | Found a broken altar of Ashenzari.
  5225 | D:6      | Found the +18 Lear's hauberk
  5316 | D:6      | Reached skill level 1 in Shields
  5392 | D:6      | Found a hazy altar of Hepliaklqana.
  5437 | D:6      | Reached *** piety under Qazlal
  5438 | D:6      | Reached skill level 9 in Maces & Flails
  5738 | D:7      | Found a flagged portal.
  5745 | Bailey   | Entered a bailey
  5943 | Bailey   | Reached skill level 10 in Maces & Flails
  5954 | Bailey   | Reached XP level 10. HP: 45/61 MP: 10/10
  6044 | Bailey   | Identified the +6 trident "Cyvot" {distort, rElec Str+5
                  | Int-4}
  6122 | Bailey   | Reached **** piety under Qazlal
  7036 | D:7      | Noticed Menkaure
  7045 | D:7      | Killed Menkaure
  7357 | D:7      | Gained mutation: You are covered in fur. (AC +1) [potion of
                  | mutation]
  7357 | D:7      | Gained mutation: You possess an exceptional clarity of
                  | mind. [potion of mutation]
  7524 | D:8      | Reached skill level 1 in Throwing
  7962 | D:8      | Noticed an ogre mage
  7962 | D:8      | Noticed a white ugly thing
  7964 | D:8      | Found a transporter.
  7964 | D:8      | Noticed an unseen horror
  7964 | D:8      | Noticed an obsidian statue
  7966 | D:8      | Found a transporter.
  8050 | D:8      | Found a basalt altar of Yredelemnul.
  8080 | D:8      | Found a sacrificial altar of Ru.
  8324 | D:9      | Found a staircase to the Lair.
  8335 | D:9      | Found Ymeups's Assorted Antiques.
  8344 | D:9      | Bought a warped bone amulet for 185 gold pieces
  8344 | D:9      | Identified the amulet of Wu Jian's Hope {Spirit rF- rCorr
                  | Int+5} (You bought it in a shop on level 9 of the Dungeon)
  8348 | D:9      | Bought a small marble ring for 185 gold pieces
  8550 | D:9      | Reached skill level 11 in Maces & Flails
  8660 | D:9      | Noticed Grum
  8672 | D:9      | Killed Grum
  8719 | D:9      | Found a bloodstained altar of Trog.
  8764 | D:9      | Found a shimmering altar of Xom.
  8927 | D:9      | Noticed Gastronok
  8949 | D:9      | Killed Gastronok
  8950 | D:9      | Reached XP level 11. HP: 40/68 MP: 11/11
  9454 | D:9      | Found an ancient bone altar of Kikubaaqudgha.
  9547 | D:10     | Entered Level 10 of the Dungeon
  9559 | D:10     | Reached skill level 12 in Maces & Flails
  9559 | D:10     | Noticed Sonja
  9569 | D:10     | Killed Sonja
  9660 | D:10     | Found a runed translucent door.
  9664 | D:10     | Noticed a two-headed ogre
  9665 | D:10     | Noticed a death knight
  9686 | D:10     | Noticed Fannar
  9701 | D:10     | Killed Fannar
  9718 | D:10     | Noticed a cyclops
  9722 | D:10     | Noticed a two-headed ogre
  9727 | D:10     | Killed a cyclops
  9732 | D:10     | Killed a two-headed ogre
  9733 | D:10     | Reached skill level 5 in Shields
  9886 | D:10     | Found an iron altar of Okawaru.
  9930 | D:10     | Found a sparkling altar of Nemelex Xobeh.
 10067 | D:10     | Found a hide-covered altar of Uskayaw.
 10229 | D:10     | Found a radiant altar of Vehumet.
 10473 | D:10     | Killed a two-headed ogre
 10513 | D:10     | Killed a death knight
 10514 | D:10     | Reached skill level 13 in Maces & Flails
 10842 | D:11     | Noticed Nergalle
 10857 | D:11     | Killed Nergalle
 10858 | D:11     | Reached XP level 12. HP: 58/76 MP: 12/12
 10953 | D:11     | Noticed Psyche
 10958 | D:11     | Killed Psyche
 11146 | D:11     | Reached ***** piety under Qazlal
 11617 | D:12     | Found a staircase to the Orcish Mines.
 11676 | D:12     | Noticed Maurice
 11688 | D:12     | Killed Maurice
 12176 | D:12     | Noticed a sun demon
 12538 | D:12     | Noticed a boulder beetle
 12556 | D:12     | Killed a boulder beetle
 13367 | D:13     | Noticed a centaur warrior
 13377 | D:13     | Killed a centaur warrior
 13470 | D:13     | Reached skill level 10 in Fighting
 13470 | D:13     | Reached skill level 14 in Maces & Flails
 13623 | D:13     | Noticed a centaur warrior
 13635 | D:13     | Killed a centaur warrior
 13953 | D:13     | Reached skill level 10 in Armour
 13974 | D:13     | Reached XP level 13. HP: 72/82 MP: 13/13
 14828 | D:14     | Reached skill level 5 in Dodging
 15389 | D:14     | Reached skill level 10 in Shields
 15392 | D:14     | Noticed a vault guard
 15409 | D:14     | Killed a vault guard
 15502 | D:14     | Found a gate to the Vaults.
 15783 | D:14     | Gained mutation: Your large and strong wings let you fly.
                  | [Gargoyle growth]
 15783 | D:14     | Reached XP level 14. HP: 90/90 MP: 14/14
 15897 | D:15     | Entered Level 15 of the Dungeon
 15933 | D:15     | Reached skill level 15 in Maces & Flails
 15935 | D:15     | Reached ****** piety under Qazlal
 15949 | D:15     | Slain by a wolf spider simulacrum

Illustrated notes

Levels and vault maps discovered:
D:1:      saegor_arrival_fortress, layout_rooms, fountainhead
D:2:      layout_loops_ring, ebering_ecumenical_altar_rust
D:3:      gammafunk_steamed_eel, layout_rooms, mainiacjoe_overflow_brackets,
          mainiacjoe_overflow_boulevard, serial_shops,
          nicolae_shop_back_alley_shop
D:4:      kennysheep_goblin_castle, layout_gridville,
          mainiacjoe_overflow_alcove_2, minmay_bisected
D:5:      layout_rooms, mainiacjoe_overflow_concentric_impassable,
          minmay_temple_entry_purple_smoke, minivault_25, corexii_checkpoint_a,
          st_stairs_4, lightli_corner_chamber, uniq_eustachio, uniq_sigmund,
          uniq_ijyb
D:6:      layout_cave_pools, gammafunk_temple_overflow_elements,
          mainiacjoe_overflow_small_starburst, chequers_serial_rivers_large_a,
          kennysheep_nondescript, grunt_decor_cap
D:7:      layout_basic, enter_bailey_3, uniq_menkaure
D:8:      gammafunk_sealed_arena, layout_cave_pods,
          nicolae_ru_great_annihilating_truth, lemuel_doored_altar,
          hangedman_abyss_or_decor_lesser_grid
D:9:      layout_basic, mainiacjoe_overflow_24_doors,
          mainiacjoe_overflow_tiny_flanked, lemuel_tele_altar, lair_entry_dummy,
          serial_shops, nicolae_shop_crystal, uniq_grum, uniq_gastronok
D:10:     layout_loops_ring, mainiacjoe_overflow_catwalk,
          nemelex_xobeh_ov_fountains_minmay, mainiacjoe_overflow_paths,
          nicolae_uskayaw_dance_hall, st_stairs_13, minmay_st_funbox,
          uniq_fannar, uniq_sonja
D:11:     layout_roguey, uniq_psyche, uniq_nergalle
D:12:     layout_layer_cave, orc_0_dummy, uniq_maurice
D:13:     minmay_distorted_concentric_squares, layout_loops_corners
D:14:     layout_roguey, grunt_vaults_entry_tiered
D:15:     gammafunk_depths_entry_grave, layout_cross, serial_rivers,
          chequers_serial_rivers_micro_e, chequers_serial_rivers_small_3,
          chequers_serial_rivers_micro_d, chequers_serial_rivers_micro_c,
          chequers_serial_rivers_large_b, hellmonk_guarded_unrand_cigotuvi
Temple:   hellmonk_temple_two_chambers

Skill      XL: |  1  2  3  4  5  6  7  8  9 10 11 12 13 14 |
---------------+-------------------------------------------+-----
Axes           | 3 |  3.0
Maces & Flails | 1 2 3 4 5 8 10 11 13 14 15 | 15.2
Armour         | 1 2 3 4 6 7 8 10 11 | 11.8
Dodging        | 3 4 5 |  5.8
Fighting       | 4 5 6 7 9 10 11 | 11.7
Stealth        | 1 2 3 |  3.4
Shields        | 2 3 5 8 10 | 10.9
Throwing       | 1 |  1.3
Evocations     | |  0.1

Action                     |  1- 3 |  4- 6 |  7- 9 | 10-12 | 13-15 || total
---------------------------+-------+-------+-------+-------+-------++-------
  Melee: Mace              |    82 |    59 |   208 |   479 |   267 ||  1095
         Flail             |       |    54 |     9 |       |       ||    63
  Throw: Boomerang         |       |       |       |    10 |       ||    10
         Dart              |       |       |       |     2 |       ||     2
  Evoke: Wand              |       |    11 |       |       |       ||    11
    Use: Scroll            |     2 |     3 |     4 |    13 |     2 ||    24
         Potion            |       |     3 |       |     3 |     3 ||     9
   Stab: Distracted        |       |       |       |     2 |       ||     2
         Paralysed         |       |       |       |     1 |       ||     1
 Armour: Chain mail        |    64 |    28 |    41 |   242 |   171 ||   546
         Ring mail         |       |   135 |     3 |       |       ||   138
         Plate armour      |       |       |   135 |       |       ||   135
  Dodge: Dodged            |    70 |   231 |    94 |   341 |   185 ||   921
         Repelled          |       |     1 |     1 |     9 |     2 ||    13
  Block: Orb               |       |       |    31 |   243 |   194 ||   468
         Reflection        |       |       |       |     7 |     4 ||    11
